BSA
HOUSTON MARSHALS @ JERSEY SHORE D-BAGS
04/10/2029
 
TOP OF THE 1ST
Houston Marshals batting - Pitching for Jersey Shore D-Bags : RHP Bob Moss
Pitching: RHP Bob Moss
Batting: LHB Guy Moss 0-0: Ball
1-0: Called Strike
1-1: Foul Ball, location: 2F
1-2: SOLO HOME RUN (Flyball, 9LD), Distance : 346 ft
Batting: RHB Javier Rentería 0-0: Ground out 1-3 (Groundball, 13)
Batting: LHB Lewis Barr 0-0: Called Strike
0-1: Swinging Strike
0-2: Ball
1-2: Strikes out swinging
Batting: RHB Chris Parker 0-0: Ball
1-0: Called Strike
1-1: Called Strike
1-2: Ball
2-2: Foul Ball, location: 2F
2-2: Ball
3-2: Fly out, F8 (Flyball, 89M)
Top of the 1st over - 1 run, 1 hit, 0 errors, 0 left on base; Houston 1 - Jersey Shore 0
BOTTOM OF THE 1ST
Jersey Shore D-Bags batting - Pitching for Houston Marshals : RHP Ron Scott
Pitching: RHP Ron Scott
Batting: LHB Juan Hernández 0-0: Ball
1-0: Fly out, F8 (Line Drive, 78D)
Batting: RHB Ricardo González 0-0: Ground out 4-3 (Groundball, 4)
Batting: RHB Miguel Serna 0-0: Ball
1-0: Ball
2-0: Foul Ball, location: 2F
2-1: Ball
3-1: SINGLE (Line Drive, 7S)
Batting: LHB António Cedeño 0-0: Ball
1-0: Ball
2-0: Ball
3-0: Base on Balls
Miguel Serna to second
Batting: LHB Albert Morgan 0-0: Ball
1-0: Ball
2-0: Ball
3-0: Base on Balls
Miguel Serna to third
António Cedeño to second
Batting: RHB Mike Ingram 0-0: Ball
1-0: Ball
2-0: Swinging Strike
2-1: Ball
3-1: SINGLE (Groundball, 6D)
Miguel Serna scores
António Cedeño to third
Albert Morgan to second
Runner from 3rd tries for Home, SAFE, no throw
Batting: LHB Ed Murray 0-0: Called Strike
0-1: SINGLE (Groundball, 6D)
Albert Morgan to third
Mike Ingram to second
Runner from 3rd tries for Home, throw and OUT!
Bottom of the 1st over - 2 runs, 3 hits, 0 errors, 2 left on base; Houston 1 - Jersey Shore 2
TOP OF THE 2ND
Houston Marshals batting - Pitching for Jersey Shore D-Bags : RHP Bob Moss
Batting: RHB Raúl Soto 0-0: Swinging Strike
0-1: Ball
1-1: Ball
2-1: Ground out 6-3 (Groundball, 6)
Batting: LHB Matt Smith 0-0: Called Strike
0-1: Called Strike
0-2: Ball
1-2: Ball
2-2: Fly out, F8 (Flyball, 8LM)
Batting: RHB Esteban Lara 0-0: Ball
1-0: Called Strike
1-1: Ball
2-1: Ball
3-1: Base on Balls
Batting: RHB Gustavo Díaz 0-0: Foul Ball, location: 2F
0-1: Ball
1-1: Ball
2-1: Called Strike
Pickoff Throw to First - Out!
Top of the 2nd over - 0 runs, 0 hits, 0 errors, 0 left on base; Houston 1 - Jersey Shore 2
BOTTOM OF THE 2ND
Jersey Shore D-Bags batting - Pitching for Houston Marshals : RHP Ron Scott
Batting: RHB Tetsunori Ito 0-0: Ball
1-0: Ball
2-0: DOUBLE (Line Drive, 78D)
Batting: RHB Greg Lee 0-0: Ball
1-0: Ground out 4-3 (Groundball, 4S)
Tetsunori Ito to third
Batting: LHB Juan Hernández 0-0: Ball
1-0: Fly out, F7 (Flyball, 7S)
Batting: RHB Ricardo González 0-0: Called Strike
0-1: Ball
1-1: Ball
2-1: Swinging Strike
2-2: Strikes out swinging
Bottom of the 2nd over - 0 runs, 1 hit, 0 errors, 1 left on base; Houston 1 - Jersey Shore 2
TOP OF THE 3RD
Houston Marshals batting - Pitching for Jersey Shore D-Bags : RHP Bob Moss
Batting: RHB Gustavo Díaz 0-0: Foul Ball, location: 2F
0-1: Swinging Strike
0-2: Foul Ball, location: 2F
0-2: SINGLE (Flyball, 8RS)
Batting: RHB Michael Thomas 0-0: Foul Ball, location: 2F
0-1: Fly out, F2 (Popup, 23F)
Batting: LHB Guy Moss 0-0: Ball
1-0: Foul Ball, location: 2F
1-1: Ball
2-1: Ball
3-1: Fielders Choice at 2nd, 1-6 (Groundball, P)
Batting: RHB Javier Rentería 0-0: Ball
1-0: Ball
2-0: Ball
3-0: Called Strike
3-1: Ground out 4-3 (Groundball, 34)
Top of the 3rd over - 0 runs, 1 hit, 0 errors, 1 left on base; Houston 1 - Jersey Shore 2
BOTTOM OF THE 3RD
Jersey Shore D-Bags batting - Pitching for Houston Marshals : RHP Ron Scott
Batting: RHB Miguel Serna 0-0: Ball
1-0: Ball
2-0: Called Strike
2-1: Called Strike
2-2: Ball
3-2: Fly out, F8 (Line Drive, 8RXD)
Batting: LHB António Cedeño 0-0: Foul Ball, location: 2F
0-1: Swinging Strike
0-2: Ball
1-2: Foul Ball, location: 2F
1-2: Foul Ball, location: 2F
1-2: Ball
2-2: Strikes out swinging
Batting: LHB Albert Morgan 0-0: Called Strike
0-1: Ball
1-1: Fly out, F8 (Line Drive, 8LD)
Bottom of the 3rd over - 0 runs, 0 hits, 0 errors, 0 left on base; Houston 1 - Jersey Shore 2
TOP OF THE 4TH
Houston Marshals batting - Pitching for Jersey Shore D-Bags : RHP Bob Moss
Batting: LHB Lewis Barr 0-0: Ball
1-0: Ground out 6-3 (Groundball, 6MS)
Batting: RHB Chris Parker 0-0: Ground out 1-3 (Groundball, 13)
Batting: RHB Raúl Soto 0-0: Ball
1-0: Ground out 5-3 (Groundball, 56)
Top of the 4th over - 0 runs, 0 hits, 0 errors, 0 left on base; Houston 1 - Jersey Shore 2
BOTTOM OF THE 4TH
Jersey Shore D-Bags batting - Pitching for Houston Marshals : RHP Ron Scott
Batting: RHB Mike Ingram 0-0: Called Strike
0-1: Swinging Strike
0-2: Foul Ball, location: 2F
0-2: Ground out 4-3 (Groundball, 4)
Batting: LHB Ed Murray 0-0: Ball
1-0: Ball
2-0: Fly out, F7 (Flyball, 7LMF)
Batting: RHB Tetsunori Ito 0-0: Ball
1-0: Called Strike
1-1: SINGLE (Line Drive, 8LS)
Batting: RHB Greg Lee 0-0: Ball
1-0: Fielders Choice at 2nd, 5-4 (Groundball, 5L)
Bottom of the 4th over - 0 runs, 1 hit, 0 errors, 1 left on base; Houston 1 - Jersey Shore 2
TOP OF THE 5TH
Houston Marshals batting - Pitching for Jersey Shore D-Bags : RHP Bob Moss
Batting: LHB Matt Smith 0-0: Ball
1-0: Ball
2-0: Foul Ball, location: 2F
2-1: Foul Ball, location: 2F
2-2: Foul Ball, location: 2F
2-2: Ball
3-2: Foul Ball, location: 2F
3-2: SINGLE (Groundball, 4MD)
Batting: RHB Esteban Lara 0-0: Called Strike
0-1: Called Strike
0-2: Strikes out swinging
Batting: RHB Gustavo Díaz 0-0: Ball
1-0: Ball
Wild Pitch!
Matt Smith to second
2-0: Foul Ball, location: 2F
2-1: Ball
3-1: Ground out 3-1 (Groundball, 34S)
Matt Smith to third
Batting: RHB Michael Thomas 0-0: Called Strike
0-1: Foul Ball, location: 2F
0-2: Ball
1-2: SINGLE (Line Drive, 89S)
Matt Smith scores
Batting: LHB Guy Moss 0-0: Swinging Strike
0-1: Ball
1-1: Ball
2-1: Fly out, F5 (Line Drive, 56S)
Top of the 5th over - 1 run, 2 hits, 0 errors, 1 left on base; Houston 2 - Jersey Shore 2
BOTTOM OF THE 5TH
Jersey Shore D-Bags batting - Pitching for Houston Marshals : RHP Ron Scott
Batting: LHB Juan Hernández 0-0: Ball
1-0: Ground out 4-3 (Groundball, 34D)
Batting: RHB Ricardo González 0-0: Ball
1-0: Ball
2-0: Foul Ball, location: 2F
2-1: Ball
3-1: Called Strike
3-2: Foul Ball, location: 2F
3-2: SINGLE (Groundball, 34D)
Batting: RHB Miguel Serna 0-0: Grounds into double play, 4-6-3 (Groundball, 4)
Bottom of the 5th over - 0 runs, 1 hit, 0 errors, 0 left on base; Houston 2 - Jersey Shore 2
TOP OF THE 6TH
Houston Marshals batting - Pitching for Jersey Shore D-Bags : RHP Bob Moss
Batting: RHB Javier Rentería 0-0: Called Strike
0-1: Ball
1-1: Ball
2-1: Ball
3-1: Foul Ball, location: 2F
3-2: Ground out 6-3 (Groundball, 6)
Batting: LHB Lewis Barr 0-0: Ground out 6-3 (Groundball, 6M)
Batting: RHB Chris Parker 0-0: Called Strike
0-1: Swinging Strike
0-2: Ball
1-2: Ball
2-2: Strikes out swinging
Top of the 6th over - 0 runs, 0 hits, 0 errors, 0 left on base; Houston 2 - Jersey Shore 2
BOTTOM OF THE 6TH
Jersey Shore D-Bags batting - Pitching for Houston Marshals : RHP Ron Scott
Batting: LHB António Cedeño 0-0: Ball
1-0: Called Strike
1-1: Ball
2-1: Called Strike
2-2: Strikes out swinging
Batting: LHB Albert Morgan 0-0: Ball
1-0: Ball
2-0: Ground out 4-3 (Groundball, 4M)
Batting: RHB Mike Ingram 0-0: Ball
1-0: Ball
2-0: SINGLE (Line Drive, 4MD)
Batting: LHB Ed Murray 0-0: Ball
1-0: SINGLE (Groundball, 34D)
Mike Ingram to second
Runner from 2nd tries for 3rd, SAFE, no throw
Batting: RHB Tetsunori Ito 0-0: Called Strike
0-1: Ball
1-1: Foul Ball, location: 2F
1-2: Ball
2-2: Strikes out swinging
Bottom of the 6th over - 0 runs, 2 hits, 0 errors, 2 left on base; Houston 2 - Jersey Shore 2
TOP OF THE 7TH
Houston Marshals batting - Pitching for Jersey Shore D-Bags : RHP Bob Moss
Batting: RHB Raúl Soto 0-0: Foul Ball, location: 2F
0-1: Called Strike
0-2: Ball
1-2: Foul Ball, location: 2F
1-2: Ground out 5-3 (Groundball, 56)
Batting: LHB Matt Smith 0-0: Swinging Strike
0-1: Ball
1-1: Foul Ball, location: 2F
1-2: SINGLE (Line Drive, 4MD)
Pitching: RHP Cristóbal Santos
Batting: RHB Esteban Lara 0-0: Ball
1-0: DOUBLE (Line Drive, 8LXD)
Matt Smith to third
Runner from 3rd tries for Home, SAFE, no throw
Batting: RHB Gustavo Díaz 0-0: Fly out, F9 (Flyball, 9)
Batting: RHB Michael Thomas 0-0: Ball
1-0: Called Strike
1-1: Foul Ball, location: 2F
1-2: Strikes out swinging
Top of the 7th over - 1 run, 2 hits, 0 errors, 1 left on base; Houston 3 - Jersey Shore 2
BOTTOM OF THE 7TH
Jersey Shore D-Bags batting - Pitching for Houston Marshals : RHP Ron Scott
Batting: RHB Greg Lee 0-0: Ball
1-0: Ground out 5-3 (Groundball, 56)
Batting: LHB Juan Hernández 0-0: Ball
1-0: Fly out, F9 (Line Drive, 9)
Batting: RHB Ricardo González 0-0: Ground out 1-3 (Groundball, 13)
Bottom of the 7th over - 0 runs, 0 hits, 0 errors, 0 left on base; Houston 3 - Jersey Shore 2
TOP OF THE 8TH
Houston Marshals batting - Pitching for Jersey Shore D-Bags : RHP Cristóbal Santos
Pitching: LHP Ramón Ruíz
Batting: LHB Guy Moss 0-0: Ball
1-0: Ball
2-0: Called Strike
2-1: Ball
3-1: Base on Balls
Pitching: RHP John Hall
Batting: RHB Javier Rentería 0-0: Ball
1-0: Ball
Guy Moss steals 2nd base
2-0: Bunt missed!
2-1: Ball
3-1: Sac Bunt - play at first, batter OUT! 3-4
Guy Moss to third
Batting: LHB Lewis Barr 0-0: Called Strike
0-1: Swinging Strike
0-2: Ball
1-2: Ball
2-2: Strikes out swinging
Batting: RHB Chris Parker 0-0: DOUBLE (Line Drive, 7LM)
Guy Moss scores
Batting: RHB Raúl Soto 0-0: Ball
1-0: Ball
2-0: Ground out 5-3 (Groundball, 5S)
Top of the 8th over - 1 run, 1 hit, 0 errors, 1 left on base; Houston 4 - Jersey Shore 2
BOTTOM OF THE 8TH
Jersey Shore D-Bags batting - Pitching for Houston Marshals : RHP Ron Scott
Pitching: RHP Álex Rodríguez
Batting: RHB Miguel Serna 0-0: Called Strike
0-1: Ground out 6-3 (Groundball, 56)
Batting: LHB António Cedeño 0-0: Called Strike
0-1: Ball
1-1: Fly out, F4 (Line Drive, 4)
Batting: LHB Albert Morgan 0-0: Called Strike
0-1: Ball
1-1: Foul Ball, location: 2F
1-2: Foul Ball, location: 2F
1-2: SINGLE (Groundball, 4MS) (infield hit)
Batting: RHB Mike Ingram 0-0: Ball
1-0: Ball
2-0: Ball
3-0: Called Strike
3-1: Foul Ball, location: 2F
3-2: Ground out 4-3 (Groundball, 4)
Bottom of the 8th over - 0 runs, 1 hit, 0 errors, 1 left on base; Houston 4 - Jersey Shore 2
TOP OF THE 9TH
Houston Marshals batting - Pitching for Jersey Shore D-Bags : RHP John Hall
Batting: LHB Matt Smith 0-0: Foul Ball, location: 2F
0-1: Called Strike
0-2: Ball
1-2: Strikes out swinging
Batting: RHB Esteban Lara 0-0: Ball
1-0: Foul Ball, location: 2F
1-1: Ball
2-1: Foul Ball, location: 2F
2-2: Ground out 4-3 (Groundball, 4)
Batting: RHB Gustavo Díaz 0-0: Ball
1-0: Swinging Strike
1-1: Ball
2-1: Ball
3-1: Called Strike
3-2: Foul Ball, location: 2F
3-2: Ground out 4-3 (Groundball, 4MS)
Top of the 9th over - 0 runs, 0 hits, 0 errors, 0 left on base; Houston 4 - Jersey Shore 2
BOTTOM OF THE 9TH
Jersey Shore D-Bags batting - Pitching for Houston Marshals : RHP Álex Rodríguez
Pitching: RHP Vinícius Itaquy
Batting: LHB Ed Murray 0-0: Ball
1-0: Fly out, F9 (Flyball, 89S)
Batting: RHB Tetsunori Ito 0-0: Ball
1-0: Swinging Strike
1-1: Ball
2-1: Foul Ball, location: 2F
2-2: Strikes out swinging
Batting: RHB Greg Lee 0-0: Called Strike
0-1: Swinging Strike
0-2: Ball
1-2: Ball
2-2: Strikes out swinging
Bottom of the 9th over - 0 runs, 0 hits, 0 errors, 0 left on base; Houston 4 - Jersey Shore 2
Saturday, December 16th, 2017 - OOTP Baseball 18.8 Build 76